 Dungeon Crawl Stone Soup version 0.24.0-125-gc4c63601f3 (webtiles) character file.

Game seed: 6151098120708725890, levelgen mode: deterministic

174564 Amplified the Warrior (level 17, -5/99 HPs)
             Began as a Vine Stalker Hunter on Feb 27, 2020.
             Was the Champion of Makhleb.
             Slain by a spark wasp (16 damage)
             ... on level 4 of the Spider Nest.
             The game lasted 01:02:00 (28331 turns).

Amplified the Warrior (Vine Stalker Hunter)        Turns: 28331, Time: 01:02:00

Health: -5/99      AC: 18    Str: 23    XL:     17   Next: 79%
Magic:  0/23       EV: 21    Int: 11    God:    Makhleb [******]
Gold:   374        SH:  5    Dex: 14    Spells: 12/16 levels left

rFire    + + .     SeeInvis .   A - +9 staff of Olgreb {rPois}
rCold    + . .     Gourm    .   (no shield)
rNeg     . . .     Faith    .   x - +6 leather armour "Xarghut" {rPois rF++ rCorr Dex-5}
rPois    ∞         Spirit   +   t - +1 hat {MR+}
rElec    .         Reflect  +   B - +2 cloak
rCorr    +         Harm     .   e - +1 pair of gloves
MR       +++..                  s - +0 pair of boots
Stlth    ++........             Q - +5 amulet of reflection
HPRegen  1.06/turn              j - ring of protection from cold
MPRegen  0.18/turn              a - +4 ring of evasion

@: mighty, very slightly contaminated
A: antennae 1, fangs 3, talons 1, regeneration 2, magic shield, antimagic bite,
no potion heal 3, rot immunity, subdued magic 1
}: 1/15 runes: gossamer
a: Minor Destruction, Lesser Servant of Makhleb, Major Destruction, Greater
Servant of Makhleb, Renounce Religion


You were on level 4 of the Spider Nest.
You worshipped Makhleb.
Makhleb was exalted by your worship.
You were not hungry.

You visited 5 branches of the dungeon, and saw 30 of its levels.
You also visited: Ice Cave and Volcano.

You collected 2841 gold pieces.
You spent 2467 gold pieces at shops.

Inventory:

Hand Weapons
 A - the +9 staff of Olgreb (weapon) {rPois}
   (You found it on level 10 of the Dungeon)

   It protects you from poison.
 S - the +6 demon blade "Ricaoh" {freeze, rElec rF+ MR+ Stlth+}
   (You bought it in a shop on level 15 of the Dungeon)

   It has been specially enchanted to freeze those struck by it, causing extra
   injury to most foes and up to half again as much damage against particularly
   susceptible opponents.
   It can also slow down cold-blooded creatures.
   It protects you from fire.
   It insulates you from electricity.
   It affects your resistance to hostile enchantments.
   It makes you more stealthy.
 W - the +9 dire flail of Past Mistakes {vamp, rN+ Int-2 Dex+5}
   (You took it off an ogre on level 3 of the Dungeon)

   It inflicts no extra harm, but heals its wielder when it wounds a living foe.
   It affects your intelligence (-2).
   It affects your dexterity (+5).
   It protects you from negative energy.
Missiles
 c - 19 javelins
 g - 108 poisoned darts (quivered)
 K - 4 silver javelins
Armour
 b - a +2 plate armour of cold resistance
 e - a +1 pair of gloves (worn)
 s - a +0 pair of boots (worn)
 t - a +1 hat of magic resistance (worn)
 x - the +6 leather armour "Xarghut" (worn) {rPois rF++ rCorr Dex-5}
   (You found it on level 8 of the Dungeon)

   It affects your dexterity (-5).
   It greatly protects you from fire.
   It protects you from poison.
   It provides partial protection from all sources of acid and corrosion.
 B - a +2 cloak (worn)
 R - the +3 leather armour of the Harvest {*Corrode Str+4 Slay+3 Stlth+}
   (You found it on level 3 of the Lair of Beasts)

   It affects your strength (+4).
   It affects your accuracy and damage with ranged weapons and melee attacks
   (+3).
   It may corrode you when you take damage.
   It makes you more stealthy.
Jewellery
 a - a +4 ring of evasion (right hand)
 j - a ring of protection from cold (left hand)
 r - an uncursed amulet of magic regeneration
 w - an uncursed ring of protection from fire
 C - an uncursed ring of flight
 F - an uncursed ring of see invisible
 Q - a +5 amulet of reflection (around neck)
 T - an uncursed ring of see invisible
Wands
 k - a wand of disintegration (24)
 l - a wand of acid (1)
 v - a wand of flame (50)
 y - a wand of paralysis (7)
 H - a wand of polymorph (11)
 J - a wand of iceblast (4)
 X - a wand of digging (4)
 Y - a wand of enslavement (10)
Scrolls
 d - 8 scrolls of amnesia
 o - a scroll of teleportation
 q - a scroll of enchant weapon
 u - 15 scrolls of remove curse
 L - 3 scrolls of fear
 M - a scroll of fog
 P - 3 scrolls of vulnerability
 U - 5 scrolls of identify
Potions
 m - 3 potions of mutation
 n - 8 potions of curing
 p - a potion of flight
 E - a potion of ambrosia
 I - 3 potions of magic
 O - a potion of brilliance
Miscellaneous
 i - a lamp of fire (inert)
 z - a crystal ball of energy
 D - a fan of gales
Comestibles
 f - 48 rations


   Skills:
 * Level 15.0 Fighting
 - Level 1.3 Long Blades
 * Level 11.0(12.8) Maces & Flails
 - Level 11.0(12.7) Staves
 - Level 3.7 Throwing
 - Level 8.8 Armour
 - Level 8.4 Dodging
 - Level 1.6 Stealth
   Level 4.9 Shields
   Level 12.8 Charms
   Level 13.2 Fire Magic
 - Level 7.1 Invocations
 - Level 2.0 Evocations


You had 12 spell levels left.
You knew the following spells:

 Your Spells              Type           Power        Failure   Level  Hunger
a - Mephitic Cloud        Conj/Pois/Air  #.......     71%         3    ####...
b - Confusing Touch       Hex            #.....       32%         1    ##.....

Your spell library contained the following spells:

 Spells                   Type           Power        Failure   Level  Hunger
 Flame Tongue             Conj/Fire      ##...        1%          1    ##.....
 Infusion                 Chrm           ###.         1%          1    ##.....
 Swiftness                Chrm/Air       ##......     3%          2    ###....
 Throw Flame              Conj/Fire      ##....       3%          2    ###....
 Conjure Flame            Conj/Fire      ##......     6%          3    ####...
 Inner Flame              Hex/Fire       ##......     6%          3    ####...
 Ozocubu's Armour         Chrm/Ice       ##......     7%          3    ####...
 Beastly Appendage        Tmut           #.....       32%         1    ##.....
 Freeze                   Ice            #...         32%         1    ##.....
 Magic Dart               Conj           #...         32%         1    ##.....
 Shock                    Conj/Air       #...         32%         1    ##.....
 Sting                    Conj/Pois      #...         32%         1    ##.....
 Blink                    Tloc           N/A          47%         2    ###....
 Call Imp                 Summ           #.......     47%         2    ###....
 Ensorcelled Hibernation  Hex/Ice        #.....       47%         2    ###....
 Poisonous Vapours        Pois/Air       #.....       47%         2    ###....
 Searing Ray              Conj           #.....       47%         2    ###....
 Slow                     Hex            #.......     47%         2    ###....
 Sticks to Snakes         Tmut           #.......     47%         2    ###....
 Throw Frost              Conj/Ice       #.....       47%         2    ###....
 Dazzling Spray           Conj/Hex       #.....       71%         3    ####...
 Spider Form              Tmut/Pois      #.........   71%         3    ####...
 Static Discharge         Conj/Air       #.......     71%         3    ####...
 Summon Guardian Golem    Hex/Summ       #.......     71%         3    ####...
 Bolt of Magma            Conj/Fire/Erth #.........   85%         5    ######.
 Airstrike                Air            #.........   98%         4    #####..
 Cause Fear               Hex            #.........   98%         4    #####..
 Force Lance              Conj/Tloc      #.......     98%         4    #####..
 Fulminant Prism          Conj/Hex       #.........   98%         4    #####..
 Ice Form                 Ice/Tmut       #.......     98%         4    #####..
 Iskenderun's Mystic Bla  Conj           #.......     98%         4    #####..
 Olgreb's Toxic Radiance  Pois           #.......     98%         4    #####..
 Summon Ice Beast         Ice/Summ       #.......     98%         4    #####..
 Throw Icicle             Conj/Ice       #.......     98%         4    #####..
 Bolt of Fire             Conj/Fire      ##........   98%         6    #######
 Blade Hands              Tmut           #.........   100%        5    ######.
 Borgnjor's Vile Clutch   Necr/Erth      #.........   100%        5    ######.
 Lightning Bolt           Conj/Air       #.........   100%        5    ######.
 Metabolic Englaciation   Hex/Ice        #.........   100%        5    ######.
 Silence                  Hex/Air        #.........   100%        5    ######.
 Venom Bolt               Conj/Pois      #.........   100%        5    ######.
 Bolt of Cold             Conj/Ice       #.........   100%        6    #######
 Darkness                 Hex            #.........   100%        6    #######
 Freezing Cloud           Conj/Ice/Air   #.........   100%        6    #######
 Ozocubu's Refrigeration  Ice            #.........   100%        6    #######
 Shadow Creatures         Summ           N/A          100%        6    #######
 Simulacrum               Ice/Necr       #.........   100%        6    #######
 Dragon Form              Tmut           #.........   100%        7    #######
 Discord                  Hex            #.........   100%        8    #######
 Ignition                 Fire           ###.......   100%        8    #######
 Dragon's Call            Summ           #.........   100%        9    #######


Dungeon Overview and Level Annotations

Branches:
Dungeon (15/15)            Temple (0/1) D:7            Lair (6/6) D:10
 Shoals (0/4) Lair:3       Spider (4/4) Lair:3        Slime (0/5) Lair:5
    Orc (2/2) D:12            Elf (3/3) Orc:2        Vaults (0/5) D:13
 Depths (0/5) D:15          IceCv (visited)         Volcano (visited)

Altars:
Cheibriados
Elyvilon
Hepliaklqana
Kikubaaqudgha
Makhleb
Nemelex Xobeh
Okawaru
Qazlal
Sif Muna
Uskayaw
Vehumet
Wu Jian
Xom
Zin
The Shining One
Beogh
Jiyva

Shops:
D:6 %   D:8 *   D:15 (%=[}   Orc:2 *[=:

Annotations:
D:9 Hard
D:10
D:11 1 runed translucent door, Johnny's ghost, journeyman NaBe
Lair:3 Branches. Resistances good, get ACEV=+40
Spider:4 Arachne


Innate Abilities, Weirdness & Mutations

You have razor-sharp teeth.
You heal very quickly.
When hurt, damage is shared between your health and your magic reserves.
Your bite disrupts and absorbs the magic of your enemies.
Potions cannot restore your health.
You are immune to rotting.
You have a pair of small antennae on your head.
You have sharp toenails.
Your spells are a little easier to cast, but a little less powerful.


Message History

* * * LOW HITPOINT WARNING * * *
The spark wasp shocks you!
* * * LOW HITPOINT WARNING * * *
Unknown command.
Unknown command.
Evoke which item? (* to show all) (? for menu, Esc to quit)
Aiming: Corrosive Bolt
Press: ? - help, Shift-Dir - straight line, f - spark wasp
Aim: a spark wasp (moderately wounded, poisoned, covered in acid)
The bolt of acid hits the spark wasp!
The spark wasp is splashed with acid.
The spark wasp seems to be corroded for longer.
The spark wasp is severely wounded.
The bolt of acid hits the wolf spider!
The wolf spider is splashed with acid.
The acid corrodes the wolf spider!
The wolf spider is moderately wounded.
The bolt of acid hits the hornet!
The hornet is splashed with acid.
The acid corrodes the hornet!
The hornet is moderately wounded.
The spark wasp stings you!!
You die...

## #.#### #.^..#### .#^..^..###
#.#.......## ### ###+++# ##
#.^....(..^# #@###s...... .####
#^#†#....#.######ysHsss.... ....#
......##....^.^{{sssss.^... ....#
...^...††<^.#...sssys..^#.^#..#..
^.^###.####..^.#!sss#s....#.....^
..........#.##...###s.#s...ss.#
##...##.^....^.... ss...s##s^.#..
..##.........†^.# #.^#..^ss.....#
##......##......#H. s#.s##y##.#..


You could see Arachne, a spark wasp, a demonic crawler, 7 wolf spiders, an orb
spider, a hornet, 3 jumping spiders, 2 tarantellas and 5 redbacks.

Vanquished Creatures
  Agnes (Elf:1)
  A sphinx (Elf:2)
  A deep elf sorcerer (Elf:1)
  A frost giant (IceCv)
  A dire elephant (D:15)
  A deep elf annihilator (Elf:3)
  An eidolon (Elf:2)
  A deep elf high priest (Elf:2)
  2 great orbs of eyes (Elf:2)
  5 hydras
  The ghost of execc the Carver, a journeyman OpBe of Trog (Lair:1)
  A catoblepas (Elf:2)
  A death knight (D:13)
  5 two-headed ogres
  12 dancing weapons
  2 centaur warriors
  An ogre mage (D:12)
  6 death yaks
  6 orc high priests (Orc:2)
  A sun demon (Volcano)
  Urug (D:11)
  A fire crab (Elf:2)
  9 deep elf knights
  2 unseen horrors
  An orange crystal statue (Lair:1)
  11 deep elf archers
  3 wolf spider zombies
  36 deep elf magi
  3 lindwurms
  13 wolf spiders
  2 orc sorcerers
  An orc knight (Orc:1)
  A mana viper (shapeshifter) (Elf:1)
  3 cyclopes
  2 oklob plants
  17 ugly things
  3 orb spiders
  3 manticores
  2 merfolk sirens (Lair:3)
  A centaur zombie (D:13)
  16 elephants
  A black mamba (Lair:5)
  An ice statue (IceCv)
  10 spiny frogs
  3 gargoyles
  4 centaur skeletons
  4 molten gargoyles
  5 torpor snails (Lair:6)
  A kobold demonologist (D:14)
  9 komodo dragons
  3 rime drakes
  2 freezing wraiths
  2 red devils (Volcano)
  2 tengu conjurers (D:15)
  5 trolls
  6 demonic crawlers
  A queen bee (Lair:3)
  21 polar bears
  17 jumping spiders
  A merfolk (D:15)
  3 tyrant leeches (Lair:6)
  10 hornets
  Prince Ribbit (D:6)
  9 slime creatures
  17 blink frogs
  13 hippogriffs
  A dream sheep (shapeshifter) (Elf:1)
  2 shadows
  2 wraiths (D:13)
  30 redbacks
  4 air elementals
  6 tarantellas
  47 yaks
  6 water elementals
  6 wyverns
  A fire bat (Volcano)
  5 fire elementals
  7 basilisks
  2 golden eyes (Elf:2)
  3 hungry ghosts
  Edmund (D:6)
  4 wargs
  6 soldier ants
  A hell hound (Volcano)
  Duvessa (D:6)
  11 water moccasins
  12 porcupines
  16 orc warriors
  3 ice beasts
  6 sky beasts
  A black bear (D:10)
  A hornet zombie (D:14)
  11 centaurs
  16 ogres
  22 wolves
  19 crocodiles
  The ghost of Asketicks the Vexing, an amateur DEEn of Ashenzari (D:3)
  A wyvern zombie (D:11)
  15 bullfrogs
  6 earth elementals
  Dowan (D:6)
  2 scorpions
  31 killer bees
  8 electric eels
  10 wights
  2 howler monkeys (D:8)
  6 lava snakes
  8 crimson imps
  3 quasits
  5 jellies
  2 bullfrog zombies (D:6)
  3 hounds
  43 orc priests
  A bullfrog skeleton (D:11)
  4 iguanas
  19 orc wizards
  10 worker ants
  2 hell rats (D:10)
  A hound zombie (D:5)
  2 worker ant zombies
  3 gnolls (D:11)
  12 adders
  3 shadow imps
  2 oozes
  An adder skeleton (D:5)
  5 worms
  A dart slug (D:2)
  8 leopard geckos
  101 orcs
  8 giant cockroaches
  8 goblins
  6 hobgoblins
  6 jackals
  8 quokkas
  6 bats
  A frilled lizard (D:2)
  10 kobolds
  A leopard gecko skeleton (D:5)
  A leopard gecko zombie (D:7)
  A quokka skeleton (D:4)
  8 rats
  A fungus (Lair:3)
  A plant (Lair:6)
974 creatures vanquished.

Vanquished Creatures (collateral kills)
  Jorgrun (D:13)
  An ice dragon (Lair:6)
  A freezing wraith (D:13)
  A phantom (D:13)
4 creatures vanquished.

Vanquished Creatures (others)
  A deep elf mage (Elf:2)
  An orc wizard (D:4)
  A quokka (D:14)
  8 fungi
  10 plants
  2 withered plants (Lair:1)
23 creatures vanquished.

Grand Total: 1001 creatures vanquished

Notes
Turn   | Place    | Note
-------+----------+-------------------------------------------
     0 | D:1      | Amplified the Vine Stalker Hunter began the quest for the
                  | Orb.
     0 | D:1      | Reached XP level 1. HP: 11/11 MP: 2/2
   238 | D:1      | Reached XP level 2. HP: 9/15 MP: 1/3
   247 | D:1      | Reached skill level 2 in Fighting
  1138 | D:2      | Reached XP level 3. HP: 18/18 MP: 4/4
  1174 | D:2      | Reached skill level 1 in Maces & Flails
  1453 | D:2      | Reached skill level 1 in Shields
  1525 | D:2      | Found a snail-covered altar of Cheibriados.
  1548 | D:2      | Found a glowing silver altar of Zin.
  1649 | D:2      | Gained mutation: Your natural rate of healing is unusually
                  | fast. [Vine Stalker growth]
  1649 | D:2      | Reached XP level 4. HP: 18/23 MP: 5/5
  1948 | D:3      | Identified the +9 dire flail of Past Mistakes {vamp, rN+
                  | Int-2 Dex+5}
  1948 | D:3      | Noticed an ogre
  1948 | D:3      | Noticed Asketicks's ghost (amateur DEEn)
  1949 | D:3      | Noticed an ogre
  1951 | D:3      | Found a transporter.
  1955 | D:3      | Found a transporter.
  2104 | D:3      | Reached skill level 3 in Fighting
  2104 | D:3      | Reached XP level 5. HP: 20/28 MP: 4/6
  2937 | D:4      | Reached XP level 6. HP: 32/32 MP: 7/7
  3000 | D:4      | Found a sparkling altar of Nemelex Xobeh.
  3166 | D:5      | Entered Level 5 of the Dungeon
  3166 | D:5      | Noticed an orc warrior
  3211 | D:5      | Reached skill level 4 in Fighting
  3211 | D:5      | Reached XP level 7. HP: 19/37 MP: 6/8
  3794 | D:5      | Found a stormy altar of Qazlal.
  4322 | D:6      | Noticed Edmund
  4327 | D:6      | Gained mutation: You have a pair of small antennae on your
                  | head. [potion of mutation]
  4327 | D:6      | Gained mutation: Your spells are a little easier to cast,
                  | but a little less powerful. [potion of mutation]
  4327 | D:6      | Gained mutation: You have sharp toenails. [potion of
                  | mutation]
  4351 | D:6      | Killed Edmund
  4386 | D:6      | Gained mutation: You have razor-sharp teeth. [Vine Stalker
                  | growth]
  4386 | D:6      | Reached XP level 8. HP: 39/42 MP: 9/9
  4504 | D:6      | Noticed Dowan
  4505 | D:6      | Noticed Duvessa
  4522 | D:6      | Killed Duvessa
  4522 | D:6      | Reached skill level 5 in Fighting
  4526 | D:6      | Killed Dowan
  4596 | D:6      | Noticed Prince Ribbit
  4773 | D:7      | Reached skill level 5 in Maces & Flails
  5098 | D:6      | Killed Prince Ribbit
  5098 | D:6      | Reached skill level 1 in Armour
  5281 | D:6      | Found Ydongetz's Food Boutique.
  5497 | D:4      | Reached skill level 6 in Fighting
  5553 | D:4      | Found a hazy altar of Hepliaklqana.
  5582 | D:4      | Reached XP level 9. HP: 35/48 MP: 6/10
  5766 | D:4      | Found a shimmering altar of Xom.
  5794 | D:4      | Found an ornate altar of the Wu Jian Council.
  5803 | D:4      | Found a shimmering blue altar of Sif Muna.
  5812 | D:4      | Found a burning altar of Makhleb.
  5897 | D:4      | Identified Sif Muna's Compendium of Augmentations
  5929 | D:4      | Became a worshipper of Makhleb the Destroyer
  6327 | D:7      | Found a staircase to the Ecumenical Temple.
  6721 | D:7      | Reached skill level 1 in Invocations
  7469 | D:8      | Found Qaekid's General Store.
  7479 | D:8      | Got a dazzling buckler
  7496 | D:8      | Identified the cursed -3 buckler of Mayg {Dex+5} (You found
                  | it on level 8 of the Dungeon)
  7609 | D:8      | Got a transparent leather armour
  7620 | D:8      | Identified the +6 leather armour "Xarghut" {rPois rF++
                  | rCorr Dex-5} (You found it on level 8 of the Dungeon)
  7699 | D:8      | Reached skill level 7 in Fighting
  7742 | D:8      | Noticed a hornet
  7751 | D:8      | Killed a hornet
  7816 | D:8      | Found a burning altar of Makhleb.
  7830 | D:8      | Reached * piety under Makhleb
  7835 | D:8      | Reached XP level 10. HP: 39/55 MP: 11/13
  8256 | D:9      | Found a radiant altar of Vehumet.
  8258 | D:9      | Found a white marble altar of Elyvilon.
  8258 | D:9      | Found an iron altar of Okawaru.
  8398 | D:9      | Found a hide-covered altar of Uskayaw.
  8441 | D:9      | Noticed a two-headed ogre
  8478 | D:9      | Killed a two-headed ogre
  8478 | D:9      | Reached skill level 8 in Fighting
  8702 | D:9      | Found a sparkling altar of Nemelex Xobeh.
  8862 | D:10     | Entered Level 10 of the Dungeon
  8878 | D:10     | Noticed a death yak
  8879 | D:10     | Noticed a death yak
  8948 | D:10     | Found a runed translucent gate.
  8949 | D:10     | Found a runed translucent gate.
  8950 | D:10     | Found a runed translucent door.
  8991 | D:10     | Found the +9 staff of Olgreb {rPois}
  8992 | D:10     | Found a runed translucent door.
  9017 | D:10     | Found a runed translucent gate.
  9165 | D:10     | Reached ** piety under Makhleb
  9184 | D:10     | Reached XP level 11. HP: 43/60 MP: 12/15
  9225 | D:10     | Noticed a two-headed ogre
  9312 | D:11     | Reached skill level 9 in Fighting
  9320 | D:11     | Reached skill level 1 in Staves
  9371 | D:11     | Killed an unseen horror
  9416 | D:11     | Learned a level 3 spell: Mephitic Cloud
  9443 | D:11     | Noticed a seven-headed hydra
  9507 | D:11     | Noticed a manticore
  9517 | D:11     | Killed a manticore
  9626 | D:10     | Found a staircase to the Lair.
  9674 | D:10     | Noticed a death yak
  9733 | D:9      | Killed a death yak
  9733 | D:9      | Reached skill level 5 in Invocations
  9782 | D:10     | Killed a two-headed ogre
  9890 | D:10     | Killed a death yak
  9899 | D:10     | Killed a death yak
 10152 | D:10     | Reached *** piety under Makhleb
 10301 | D:11     | Noticed Urug
 10364 | D:11     | Killed Urug
 10364 | D:11     | Reached skill level 10 in Fighting
 10415 | D:11     | Killed a seven-headed hydra
 10468 | D:11     | Found a runed translucent door.
 10471 | D:11     | Found a shimmering altar of Xom.
 10471 | D:11     | Noticed Johnny's ghost (journeyman NaBe)
 10472 | D:11     | Noticed a +1 broad axe of chaos
 10612 | D:11     | Noticed a cyclops
 10633 | D:11     | Killed a cyclops
 10633 | D:11     | Gained mutation: You heal very quickly. [Vine Stalker
                  | growth]
 10633 | D:11     | Reached XP level 12. HP: 67/67 MP: 17/17
 10639 | D:11     | Reached skill level 5 in Staves
 11177 | D:12     | Found a staircase to the Orcish Mines.
 11219 | D:12     | Noticed an ogre mage
 11219 | D:12     | Noticed a two-headed ogre
 11233 | D:12     | Killed a two-headed ogre
 11239 | D:12     | Killed an ogre mage
 11339 | D:12     | Reached **** piety under Makhleb
 11592 | D:12     | Noticed a two-headed ogre
 11611 | D:12     | Killed a two-headed ogre
 11611 | D:12     | Reached skill level 11 in Fighting
 11969 | Lair:1   | Entered Level 1 of the Lair of Beasts
 11986 | Lair:1   | Found a runed translucent door.
 11986 | Lair:1   | Noticed execc's ghost (journeyman OpBe)
 12555 | Lair:2   | Reached skill level 1 in Evocations
 12588 | Lair:2   | Reached skill level 5 in Armour
 12588 | Lair:2   | Reached XP level 13. HP: 74/74 MP: 19/19
 13717 | Lair:3   | Reached ***** piety under Makhleb
 13931 | Lair:3   | Found a staircase to the Shoals.
 14177 | Lair:3   | Got a twisted leather armour
 14189 | Lair:3   | Identified the +3 leather armour of the Harvest {*Corrode
                  | Str+4 Slay+3 Stlth+} (You found it on level 3 of the Lair
                  | of Beasts)
 14381 | Lair:3   | Found a hole to the Spider Nest.
 14700 | Lair:4   | Reached skill level 10 in Staves
 14877 | Lair:4   | Found a dark tunnel.
 14920 | Volcano  | Entered a volcano
 14969 | Volcano  | Found a bloodstained altar of Trog.
 15449 | Lair:4   | Reached skill level 5 in Dodging
 15595 | Lair:4   | Reached XP level 14. HP: 79/79 MP: 20/20
 16141 | Lair:2   | Reached skill level 12 in Fighting
 16449 | Lair:5   | Found a staircase to the Slime Pits.
 16449 | Lair:5   | Found a viscous altar of Jiyva.
 17165 | Lair:6   | Entered Level 6 of the Lair of Beasts
 17166 | Lair:6   | Identified a scroll of acquirement
 17292 | Lair:6   | Reached skill level 1 in Charms
 17292 | Lair:6   | Reached skill level 1 in Fire Magic
 17313 | Lair:6   | Reached ****** piety under Makhleb
 17725 | Lair:6   | Got a steaming battleaxe
 17726 | Lair:6   | Identified the +6 battleaxe of Abomination {freeze, Int+6}
                  | (You found it on level 6 of the Lair of Beasts)
 18138 | Lair:6   | Found a runed translucent door.
 19077 | Orc:1    | Entered Level 1 of the Orcish Mines
 19223 | Orc:1    | Reached skill level 5 in Fire Magic
 19332 | Orc:2    | Entered Level 2 of the Orcish Mines
 19372 | Orc:2    | Reached skill level 5 in Charms
 19520 | Orc:2    | Found a roughly hewn altar of Beogh.
 19727 | Orc:2    | Reached XP level 15. HP: 85/85 MP: 21/21
 19842 | Orc:2    | Found Difi's Jewellery Emporium.
 19854 | Orc:2    | Found Ajuysk's Book Shop.
 19926 | Orc:2    | Found a roughly hewn altar of Beogh.
 20092 | Orc:2    | Found Okhlozis's Armour Shop.
 20092 | Orc:2    | Found Miptas's General Store.
 20137 | Orc:2    | Bought a scroll of acquirement for 780 gold pieces
 20231 | Orc:2    | Found a staircase to the Elven Halls.
 20995 | D:13     | Reached skill level 13 in Fighting
 21065 | D:13     | Noticed Jorgrun
 21098 | D:13     | Killed Jorgrun
 21307 | D:13     | Found a gate to the Vaults.
 21955 | D:14     | Found a frozen archway.
 22002 | IceCv    | Entered an ice cave
 22517 | IceCv    | Noticed a frost giant
 22537 | IceCv    | Killed a frost giant
 22571 | IceCv    | Identified Sif Muna's Grimoire of Cold
 22848 | D:14     | Found a white marble altar of Elyvilon.
 23184 | D:14     | Reached XP level 16. HP: 91/91 MP: 22/22
 23440 | D:15     | Entered Level 15 of the Dungeon
 23440 | D:15     | Found Giavom's Antique Armour Shoppe.
 23448 | D:15     | Found Takku's Gadget Shoppe.
 23493 | D:15     | Bought a wand of digging (8) for 408 gold pieces
 23559 | D:15     | Found a radiant altar of Vehumet.
 23616 | D:15     | Noticed Nessos
 23621 | D:15     | Noticed Nessos
 23621 | D:15     | Nessos changed into Nessos the merfolk
 23633 | D:15     | Killed Nessos the merfolk
 23734 | D:15     | Found Byixa's Food Shoppe.
 23782 | D:15     | Found Numopak's Jewellery Emporium.
 23795 | D:15     | Bought a +5 amulet of reflection for 659 gold pieces
 23920 | D:15     | Found a glowing golden altar of the Shining One.
 23960 | D:15     | Found Udidgh's Antique Weapon Boutique.
 23970 | D:15     | Bought a brightly glowing demon blade for 620 gold pieces
 23970 | D:15     | Identified the +6 demon blade "Ricaoh" {freeze, rElec rF+
                  | MR+ Stlth+} (You bought it in a shop on level 15 of the
                  | Dungeon)
 24028 | D:15     | Reached skill level 1 in Long Blades
 24033 | D:15     | Found a staircase to the Depths.
 24157 | D:15     | Reached skill level 10 in Fire Magic
 24513 | D:3      | Killed Asketicks's ghost
 24804 | Elf:1    | Entered Level 1 of the Elven Halls
 24809 | Elf:1    | Reached skill level 10 in Charms
 25291 | Elf:1    | Noticed Agnes
 25308 | Elf:1    | Killed Agnes
 25449 | Elf:1    | Reached skill level 14 in Fighting
 26020 | Elf:2    | Noticed a sphinx
 26048 | Elf:2    | Killed a sphinx
 26049 | Elf:2    | Reached XP level 17. HP: 97/97 MP: 23/23
 26079 | Elf:2    | Identified Iliugay's Incunabulum of Beguiling
 26221 | Elf:2    | Identified Sif Muna's Compendium of Fire
 26336 | Elf:2    | Reached skill level 10 in Maces & Flails
 26377 | Elf:2    | Found an ancient bone altar of Kikubaaqudgha.
 26545 | Elf:3    | Entered Level 3 of the Elven Halls
 27030 | Elf:1    | Learned a level 1 spell: Confusing Touch
 27236 | Lair:1   | Killed execc's ghost
 27382 | Spider:1 | Entered Level 1 of the Spider Nest
 28087 | Spider:2 | Identified the +4 ring mail of the Skies Above {+Inv} (You
                  | found it on level 2 of the Spider Nest)
 28140 | Spider:4 | Entered Level 4 of the Spider Nest
 28258 | Spider:4 | Reached skill level 15 in Fighting
 28297 | Spider:4 | Noticed Arachne
 28304 | Spider:4 | Got a gossamer rune of Zot
 28331 | Spider:4 | Slain by a spark wasp

Levels and vault maps discovered:
D:1:      scummos_arrival_simple_crosswalls, layout_rooms, serial_forest,
          infiniplex_forest_end_2, infiniplex_forest_corner_1,
          infiniplex_forest_straight_4, infiniplex_forest_straight_3,
          infiniplex_forest_clump_tiny, infiniplex_forest_lined_room_2,
          infiniplex_forest_lined_3
D:2:      layout_basic, overflow_temple_1_default, cheibriados_altar_1
D:3:      layout_basic, gammafunk_ghost_smash
D:4:      layout_rooms, led_sif_book, kennysheep_mini,
          nemelex_xobeh_ov_fountains_minmay, xom_teletrap_fun,
          kennysheep_mini_moat, lemuel_altar_in_water
D:5:      layout_basic, grunt_qazlal_clouds, serial_glass, glass_columns_b,
          glass_columns_b, glass_columns_c, glass_columns_c, glass_columns_b,
          glass_columns_a, first_ration, chequers_serial_rivers_small_b,
          feat_on_display
D:6:      layout_loops_ring, serial_shops, shop, uniq_prince_ribbit1,
          uniq_edmund, uniq_duvessa
D:7:      layout_basic, minmay_temple_entry_ruins
D:8:      layout_loops_ring, bloody_makhleb, serial_shops, nicolae_shop_crystal,
          hangedman_pestilent_swarm, chequers_serial_rivers_micro_e,
          kennysheep_generic_room_13
D:9:      layout_roguey, marbit_many_paths,
          chequers_temple_overflow_statue_of_worship,
          nemelex_diamond_rough_becter
D:10:     layout_basic, dpeg_lair_monsters,
          minmay_guarded_unrand_staff_of_olgreb
D:11:     layout_roguey, ebering_ghost_xom, uniq_urug
D:12:     layout_stronghold, david_orc_2
D:13:     layout_basic, erik_vaults_1, lightli_corner_chamber, uniq_jorgrun
D:14:     layout_basic, portal_ice_cave_rime, elyvilon_altar_4,
          kennysheep_flooded_box, minivault_16, item_on_display_a
D:15:     hangedman_depths_entry_try_elsewhere_first, layout_cave_pools,
          serial_shops, shop, shop, nicolae_shop_trees, shop, shop,
          old_standard_altar, nicolae_tso_carved_into_rock, uniq_nessos
Lair:1:   layout_gridlike, gammafunk_ghost_grave, disabler_island,
          infiniplex_staircase_pool_2
Lair:2:   layout_cave_pods, serial_bayou_shore_b, grunt_megastairs_4,
          minmay_lair_oklob_chamber
Lair:3:   layout_roguey [special_room_bee], elwin_shoals_entry_rooms,
          nicolae_spider_entry_tight_spaces, chequers_serial_rivers_micro_d
Lair:4:   layout_cave_pods, nicolae_volcano_entry_two_sided
Lair:5:   layout_regular_city, slime_altar_1, beast_lair_carwin_8,
          grunt_megastairs_1
Lair:6:   wormcave, layout_cave_pods
Spider:1: layout_spider_delve, drop_trap
Spider:2: layout_spider_delve, uniq_aizul
Spider:3: layout_spider_delve
Spider:4: spider_rune_water, drop_trap, nicolae_arachne_temple
Orc:1:    layout_caves
Orc:2:    st_orc_town, layout_caves, nicolae_orc_lost_temple
Elf:1:    minmay_elf_arrival_circle, layout_loops_corners, minivault_28,
          uniq_agnes
Elf:2:    layout_geoelf_grid, serial_hangedman_research,
          hangedman_research_toxicology, hangedman_research_probablistics,
          hangedman_research_pyrotechnics, hangedman_research_geology,
          guppyfry_elf_altar
Elf:3:    elf_hall_gauntlet_narrow, layout_loops_corners

Skill      XL: |  1  2  3  4  5  6  7  8  9 10 11 12 13 14 15 16 17 |
---------------+----------------------------------------------------+-----
Fighting       | 2 3 4 6 7 8 10 11 12 13 14 15 | 15.0
Maces & Flails | 1 2 3 4 5 7 8 9 11 | 11.0
Shields        | 1 2 3 4 |  4.9
Armour         | 1 2 3 5 7 8 |  8.8
Dodging        | 2 3 4 5 7 8 |  8.4
Invocations    | 2 4 6 7 |  7.1
Staves         | 4 7 11 | 11.0
Evocations     | 1 2 |  2.0
Charms         | 5 9 11 12 | 12.8
Fire Magic     | 5 9 11 13 | 13.2
Long Blades    | 1 |  1.3
Throwing       | |  3.7
Stealth        | |  1.6

Action                   |  1- 3 |  4- 6 |  7- 9 | 10-12 | 13-15 | 16-18 || total
-------------------------+-------+-------+-------+-------+-------+-------++-------
Melee: Short sword       |    11 |       |       |       |       |       ||    11
       Mace              |    27 |       |       |       |       |       ||    27
       Bite              |    26 |    59 |   140 |   253 |   791 |   397 ||  1666
       Whip              |    79 |    67 |   140 |   262 |       |       ||   548
       Flail             |       |   122 |   294 |    11 |       |       ||   427
       Kick              |       |       |    30 |       |       |       ||    30
       Staff             |       |       |       |   545 |  2185 |   559 ||  3289
       Dire flail        |       |       |       |       |       |   533 ||   533
Throw: Javelin           |     3 |       |       |       |       |       ||     3
       Throwing net      |     3 |     1 |       |       |       |       ||     4
       Dart              |     1 |    22 |    60 |     5 |     2 |       ||    90
 Cast: Confusing Touch   |       |       |       |       |       |     1 ||     1
Invok: Lesser Servant of |       |       |       |     2 |     4 |       ||     6
       Minor Destruction |       |       |       |     1 |       |       ||     1
       Greater Servant o |       |       |       |       |     1 |     1 ||     2
Evoke: Wand              |       |       |       |    10 |    18 |    15 ||    43
       Fan of gales      |       |       |       |       |     2 |       ||     2
       Lamp of fire      |       |       |       |       |       |     3 ||     3
  Use: Potion            |     3 |       |     5 |     5 |     9 |    11 ||    33
       Scroll            |     2 |     7 |    12 |     7 |    17 |    18 ||    63
 Stab: Sleeping          |     2 |       |     1 |     3 |     1 |     2 ||     9
       Invisible         |       |       |     2 |     2 |     1 |       ||     5
       Distracted        |       |       |       |       |     4 |       ||     4
       Confused          |       |       |       |       |       |     1 ||     1
  Eat: Chunk             |     2 |     6 |    13 |     7 |    24 |     9 ||    61
       Ration            |       |       |     2 |     4 |     4 |     3 ||    13
Armor: Leather armour    |    34 |     6 |    10 |   175 |   367 |   326 ||   918
       Scale mail        |       |    79 |   132 |       |       |       ||   211
       Plate armour      |       |       |    16 |       |   178 |       ||   194
       Skin              |       |       |       |     9 |       |       ||     9
Dodge: Dodged            |    64 |    90 |   229 |   480 |  1363 |  1004 ||  3230
Block: Buckler           |    10 |    37 |    92 |   129 |   404 |    60 ||   732
       Other             |       |       |       |       |       |   237 ||   237
       Reflection        |       |       |       |       |       |    13 ||    13
